 Dungeon Crawl Stone Soup version 0.25.1-2-g60ff931df9 (webtiles) character file.

Game seed: 9280871645963875843

28589 funkygono the Basher (level 13, 0/113 HPs)
             Began as a Demonspawn Gladiator on Nov 4, 2020.
             Was a Follower of Ru.
             Splashed by an oklob plant's acid (15 damage)
             ... on level 5 of the Lair of Beasts.
             The game lasted 00:49:00 (20686 turns).

funkygono the Basher (Demonspawn Gladiator)        Turns: 20686, Time: 00:49:00

Health: 0/113      AC: 12    Str: 18    XL:     13   Next: 10%
Magic:  0/13       EV: 14    Int: 16    God:    Ru [*.....]
Gold:   713        SH:  0    Dex: 37    Spells: 12/12 levels left

rFire    . . .     SeeInvis .   M - +5 flail "Hellblazer" {protect, *Corrode +Inv rPois Dex+8}
rCold    + + .     Gourm    .   (no shield)
rNeg     . . .     Faith    .   I - +1 crystal plate armour
rPois    +         Spirit   +   Z - -4 hat of the Tormentor {-Cast *Corrode rC++ Dex+9} (curse)
rElec    .         Reflect  .   C - +0 cloak
rCorr    .         Harm     .   P - +0 pair of gloves
MR       .....     Clarity  +   L - +0 pair of boots Stlth ..........NoCast +
                                O - amulet of the acrobat
HPRegen  0.00/turn              Y - ring of Xafeqais {Int+6 Dex+4}
MPRegen  0.26/turn              i - +4 ring of evasion

@: corroded, protection aura
A: claws 2, clarity, powered by death 1, robust 1, inhibited regeneration, magic
shield, magic regeneration, no charms magic, no earth magic, no transmutations
magic, MP-powered wands, sturdy frame 2
a: Renounce Religion, Evoke Invisibility


You were on level 5 of the Lair of Beasts.
You worshipped Ru.
Ru was aware of your devotion.
You were hungry.

You visited 3 branches of the dungeon, and saw 15 of its levels.

You collected 713 gold pieces.

Inventory:

Hand Weapons
 g - a +1 whip of electrocution
 A - a +1 mace of venom
 B - a +3 quarterstaff of chaos
 D - a +6 club of flaming
 F - the +0 hand axe of Weodehep {venom, Int-4 Dex+4}
   (You found it on level 6 of the Dungeon)

   It poisons the flesh of those it strikes.
   It affects your intelligence (-4).
   It affects your dexterity (+4).
 J - a +1 morningstar of protection
 M - the +5 flail "Hellblazer" (weapon) {protect, *Corrode +Inv rPois Dex+8}
   (You found it on level 7 of the Dungeon)

   It grants its wielder temporary protection when it strikes (+7 to AC).
   It affects your dexterity (+8).
   It protects you from poison.
   It lets you turn invisible.
   It may corrode you when you take damage.
Missiles
 a - 6 atropa-tipped darts (quivered)
 e - 86 bolts
 l - 200 arrows
 m - 416 stones
 n - a throwing net
 E - 33 sling bullets
Armour
 b - a +0 ring mail of cold resistance
 c - a +0 helmet
 s - a +0 ring mail
 y - +0 steam dragon scales
 C - a +0 cloak (worn)
 I - a +1 crystal plate armour (worn)
 L - a +0 pair of boots (worn)
 P - a +0 pair of gloves (worn)
 Z - the cursed -4 hat of the Tormentor (worn) {-Cast *Corrode rC++ Dex+9}
   (You found it on level 4 of the Lair of Beasts)

   It affects your dexterity (+9).
   It greatly protects you from cold.
   It prevents spellcasting.
   It may corrode you when you take damage.
   It has a curse placed upon it.
Jewellery
 h - an uncursed ring of resist corrosion
 i - a +4 ring of evasion (right hand)
 O - an amulet of the acrobat (around neck)
 V - an uncursed ring of protection from magic
 Y - the ring of Xafeqais (left hand) {Int+6 Dex+4}
   (You found it on level 5 of the Lair of Beasts)

   [ring of intelligence]

   It affects your intelligence (+6).
   It affects your dexterity (+4).
Wands
 d - a wand of random effects (20)
 v - a wand of digging (8)
 w - a wand of disintegration (16)
 x - a wand of flame (40)
 z - a wand of enslavement (10)
 W - a wand of acid (2)
 X - a wand of polymorph (9)
Scrolls
 k - 4 scrolls of identify
 p - 4 scrolls of teleportation
 t - 4 scrolls of remove curse
 H - 2 scrolls of blinking
 Q - 3 scrolls of vulnerability
 R - 3 scrolls of amnesia
Potions
 j - 2 potions of mutation
 o - a potion of invisibility
 q - 3 potions of magic
 r - a potion of berserk rage
 u - 2 potions of ambrosia
 G - a potion of brilliance
 K - a potion of stabbing
 N - a potion of heal wounds
 S - a potion of flight
 T - 2 potions of curing
Comestibles
 f - 27 rations


   Skills:
 + Level 9.8 Fighting
 + Level 13.9 Maces & Flails
 + Level 5.7 Throwing
 + Level 9.6 Armour
 + Level 5.4 Dodging
 - Level 2.5 Stealth
 + Level 0.3 Evocations


You had 12 spell levels left.
You didn't know any spells.
Your spell library was empty.

Dungeon Overview and Level Annotations

Branches:
Dungeon (9/15)             Temple (1/1) D:4            Lair (5/6) D:9
  Swamp (0/4) Lair:3        Snake (0/4) Lair:3        Slime (0/5) Lair:5
    Orc (0/2) D:9

Altars:
Ashenzari
Cheibriados
Dithmenos
Elyvilon
Fedhas
Gozag
Hepliaklqana
Kikubaaqudgha
Makhleb
Nemelex Xobeh
Okawaru
Qazlal
Ru
Sif Muna
Trog
Uskayaw
Vehumet
Wu Jian
Xom
Yredelemnul
Zin
The Shining One

Shops:
D:2 *   D:4 !

Annotations:
Lair:5 exclusion: 4 oklob plants


Innate Abilities, Weirdness & Mutations

You have very sharp fingernails.
You regenerate a little health from kills.
You do not regenerate when monsters are visible.
When hurt, damage is shared between your health and your magic reserves.
You regenerate magic rapidly.
You cannot study or cast Charms magic.
You cannot study or cast Earth magic.
You cannot study or cast Transmutations magic.
Your movements are less encumbered by armour. (ER -4)
You possess an exceptional clarity of mind.
You are robust. (+10% HP)
You expend magic power (3 MP) to strengthen your wands.


Message History

You are feeling hungry.
Really walk into a travel-excluded area?
The oklob plant spits acid at you. The splash of acid hits you.
The acid corrodes you!
You are splashed with acid!
The oklob plant spits acid at you. The splash of acid hits you!
The acid corrodes you!
You are splashed with acid!
You hit the oklob plant but do no damage.
Your weapon exudes an aura of protection.
The oklob plant spits acid at you. The splash of acid hits you.
The acid corrodes you!
You are splashed with acid!
The oklob plant spits acid at you. The splash of acid hits you!
The acid corrodes you!
You are splashed with acid!!
* * * LOW HITPOINT WARNING * * *
The oklob plant spits acid at you. The splash of acid hits you.
* * * LOW HITPOINT WARNING * * *
Your corrosive artefact corrodes you!
The acid corrodes you!
You are splashed with acid!
You die...

####...### #....####
### #P...##..######.#
#............##.#######
.............#..P.$.PP#
............P...P..%..#
................P$))..#
P...............P(%$P.#
P...............@P$$!.#
#.......>....#..#######
##.##...#P.###...#
##.#...###.######
###..P# ### ####....#
##P...######
......#..#P##
............#


You could see 4 oklob plants.

Vanquished Creatures
  5 hydras
  A catoblepas (Lair:5)
  3 death yaks
  Pikel (D:4)
  6 black mambas
  3 spiny frogs
  Maggie (D:5)
  A rime drake (Lair:4)
  4 komodo dragons
  4 dream sheep (Lair:5)
  13 blink frogs
  A hippogriff (Lair:3)
  Sigmund (D:3)
  39 yaks
  A vampire (D:9)
  3 basilisks
  2 hungry ghosts
  3 nagas (Lair:3)
  Duvessa (D:6)
  5 porcupines
  2 sky beasts (D:6)
  13 water moccasins
  4 orc warriors
  2 slaves (D:4)
  7 ogres
  4 ice beasts
  2 phantoms (D:6)
  7 wolves
  2 centaurs
  6 crocodiles
  Blork the orc (D:6)
  2 big kobolds
  15 bullfrogs
  A scorpion (D:5)
  Dowan (D:6)
  4 killer bees (D:9)
  4 wights (D:9)
  5 crimson imps
  A bullfrog zombie (D:6)
  4 jellies
  A bullfrog skeleton (D:9)
  6 hounds
  Crazy Yiuf (D:5)
  7 orc priests
  3 orc wizards (D:9)
  2 iguanas
  9 worker ants
  Ijyb (D:5)
  7 hell rats (Lair:4)
  A hound skeleton (D:6)
  A howler monkey skeleton (D:7)
  6 gnolls
  9 river rats
  8 adders
  2 shadow imps
  3 oozes
  2 adder skeletons
  An adder zombie (D:7)
  A dart slug (D:3)
  4 leopard geckos
  27 orcs
  12 giant cockroaches
  9 goblins
  8 hobgoblins
  10 jackals
  5 quokkas
  A ball python (D:1)
  7 bats
  4 frilled lizards
  25 kobolds
  A leopard gecko skeleton (D:4)
  A quokka zombie (D:6)
  8 rats
  10 plants
388 creatures vanquished.

Vanquished Creatures (others)
  A river rat (Lair:4)
  3 fungi
  A plant (Lair:4)
5 creatures vanquished.

Grand Total: 393 creatures vanquished

Notes
Turn   | Place    | Note
-------+----------+-------------------------------------------
     0 | D:1      | funkygono the Demonspawn Gladiator began the quest for the
                  | Orb.
     0 | D:1      | Reached XP level 1. HP: 16/16 MP: 1/1
   286 | D:1      | Gained mutation: When hurt, damage is shared between your
                  | health and your magic reserves. [demonic ancestry]
   286 | D:1      | Reached XP level 2. HP: 6/22 MP: 2/2
   293 | D:1      | Reached skill level 3 in Maces & Flails
   856 | D:1      | Reached XP level 3. HP: 24/27 MP: 3/3
  1564 | D:2      | Found Zin's Purification Station.
  1568 | D:2      | Found a glowing silver altar of Zin.
  1568 | D:2      | Found a burning altar of Makhleb.
  1868 | D:2      | Reached skill level 1 in Armour
  2264 | D:3      | Gained mutation: You regenerate a little health from kills.
                  | [demonic ancestry]
  2264 | D:3      | Reached XP level 4. HP: 33/33 MP: 4/4
  2479 | D:3      | Noticed Sigmund
  2503 | D:3      | HP: 1/33 [something (11)]
  2512 | D:3      | Gained mutation: You are robust. (+10% HP) [potion of
                  | mutation]
  2512 | D:3      | Gained mutation: You possess an exceptional clarity of
                  | mind. [potion of mutation]
  2512 | D:3      | Gained mutation: You expend magic power (3 MP) to
                  | strengthen your wands. [potion of mutation]
  2512 | D:3      | Killed Sigmund
  2512 | D:3      | Reached skill level 4 in Maces & Flails
  2512 | D:3      | Gained mutation: Your movements are slightly less
                  | encumbered by armour. (ER -2) [demonic ancestry]
  2512 | D:3      | Reached XP level 5. HP: 3/41 MP: 0/5
  2974 | D:3      | Reached XP level 6. HP: 25/48 MP: 6/6
  3629 | D:4      | Gained mutation: You have sharp fingernails. [demonic
                  | ancestry]
  3629 | D:4      | Reached XP level 7. HP: 45/56 MP: 4/7
  3631 | D:4      | Reached skill level 5 in Maces & Flails
  3807 | D:4      | Found Qoqoduf's Distillery.
  4008 | D:4      | Noticed Pikel
  4415 | D:4      | Killed Pikel
  4415 | D:4      | Reached skill level 6 in Maces & Flails
  4415 | D:4      | Reached skill level 1 in Stealth
  4415 | D:4      | Gained mutation: You have very sharp fingernails. [demonic
                  | ancestry]
  4415 | D:4      | Reached XP level 8. HP: 38/63 MP: 5/8
  5280 | D:4      | Found a hide-covered altar of Uskayaw.
  5418 | D:4      | Found a staircase to the Ecumenical Temple.
  5427 | Temple   | Entered the Ecumenical Temple
  6072 | D:5      | Entered Level 5 of the Dungeon
  6636 | D:5      | Found a runed translucent door.
  6637 | D:5      | Noticed Crazy Yiuf
  6650 | D:5      | Killed Crazy Yiuf
  6967 | D:5      | Noticed Ijyb
  6982 | D:5      | Killed Ijyb
  7278 | D:6      | Noticed Maggie
  7290 | D:5      | Killed Maggie
  7290 | D:5      | Reached skill level 7 in Maces & Flails
  7325 | D:6      | Gained mutation: Your movements are less encumbered by
                  | armour. (ER -4) [demonic ancestry]
  7325 | D:6      | Reached XP level 9. HP: 71/71 MP: 9/9
  7383 | D:6      | Noticed Dowan
  7401 | D:6      | Killed Dowan
  7557 | D:6      | Noticed Duvessa
  7567 | D:6      | Killed Duvessa
  7820 | D:6      | Found a radiant altar of Vehumet.
  7909 | D:6      | Got a bloodstained hand axe
  7910 | D:6      | Identified the +0 hand axe of Weodehep {venom, Int-4 Dex+4}
                  | (You found it on level 6 of the Dungeon)
  8085 | D:6      | Noticed Blork the orc
  8099 | D:6      | Killed Blork the orc
  8099 | D:6      | Reached skill level 8 in Maces & Flails
  8099 | D:6      | Reached skill level 5 in Armour
  8099 | D:6      | Reached skill level 5 in Dodging
  8157 | D:6      | Found a shimmering blue altar of Sif Muna.
  8683 | D:7      | Reached skill level 5 in Fighting
  8999 | D:7      | Got a shimmering flail
  9000 | D:7      | Identified the +5 flail "Hellblazer" {protect, *Corrode
                  | +Inv rPois Dex+8} (You found it on level 7 of the Dungeon)
  9492 | D:7      | Reached skill level 9 in Maces & Flails
  9927 | D:8      | Found a sacrificial altar of Ru.
  9951 | D:8      | Became a worshipper of Ru the Awakened
  9962 | D:8      | Found an opulent altar of Gozag.
  9971 | D:8      | Reached XP level 10. HP: 81/81 MP: 10/10
 10702 | D:9      | Reached skill level 10 in Maces & Flails
 10794 | D:9      | Found a shadowy altar of Dithmenos.
 10800 | D:9      | Gained mutation: You do not regenerate when monsters are
                  | visible. [Ru sacrifice]
 10807 | D:9      | Found a hazy altar of Hepliaklqana.
 10807 | D:9      | Found an ancient bone altar of Kikubaaqudgha.
 11083 | D:9      | Found a staircase to the Orcish Mines.
 11703 | D:9      | Noticed a death yak
 11729 | D:9      | Killed a death yak
 11849 | D:9      | Noticed a death yak
 11852 | D:9      | Noticed a death yak
 11899 | D:9      | HP: 4/83 [yak (7)]
 12332 | D:8      | Killed a death yak
 12332 | D:8      | Reached skill level 11 in Maces & Flails
 12578 | D:8      | Reached XP level 11. HP: 55/89 MP: 6/11
 12746 | D:8      | Killed a death yak
 13019 | D:9      | Found a staircase to the Lair.
 13454 | Lair:1   | Entered Level 1 of the Lair of Beasts
 14292 | Lair:1   | Reached skill level 12 in Maces & Flails
 14314 | Lair:1   | Noticed a six-headed hydra
 14328 | Lair:1   | Killed a six-headed hydra
 15755 | Lair:2   | Reached XP level 12. HP: 83/103 MP: 8/12
 16067 | Lair:3   | Found a staircase to the Snake Pit.
 16447 | Lair:3   | Noticed a seven-headed hydra
 16489 | Lair:3   | Killed a seven-headed hydra
 16779 | Lair:3   | Reached skill level 13 in Maces & Flails
 16842 | Lair:3   | Found a staircase to the Swamp.
 16991 | Lair:3   | Reached skill level 5 in Throwing
 17642 | Lair:4   | Noticed a five-headed hydra
 17668 | Lair:4   | Killed a five-headed hydra
 17679 | Lair:4   | Gained mutation: You cannot study or cast Earth magic. [Ru
                  | sacrifice]
 17679 | Lair:4   | Gained mutation: You cannot study or cast Transmutations
                  | magic. [Ru sacrifice]
 17679 | Lair:4   | Gained mutation: You cannot study or cast Charms magic. [Ru
                  | sacrifice]
 17679 | Lair:4   | Reached * piety under Ru
 18155 | Lair:4   | Got a smoking hat
 18178 | Lair:4   | Noticed a four-headed hydra
 18199 | Lair:4   | Killed a four-headed hydra
 18498 | Lair:4   | Identified the cursed -4 hat of the Tormentor {-Cast
                  | *Corrode rC++ Dex+9} (You found it on level 4 of the Lair
                  | of Beasts)
 19067 | Lair:5   | Noticed a seven-headed hydra
 19108 | Lair:5   | Killed a seven-headed hydra
 19408 | Lair:5   | Got a fine lapis lazuli ring
 19410 | Lair:5   | Identified the ring of Xafeqais {Int+6 Dex+4} (You found it
                  | on level 5 of the Lair of Beasts)
 19496 | Lair:5   | Found a staircase to the Slime Pits.
 19533 | Lair:5   | Gained mutation: You regenerate magic rapidly. [demonic
                  | ancestry]
 19533 | Lair:5   | Reached XP level 13. HP: 111/111 MP: 13/13
 20686 | Lair:5   | Splashed by an oklob plant's acid

Illustrated notes

Levels and vault maps discovered:
D:1:      ncdulo_watergridlock, layout_loops_ring
D:2:      layout_basic, bloody_makhleb, zin_purify, dk_vineyard_3
D:3:      layout_rooms, uniq_sigmund
D:4:      kennysheep_kobold_camp, layout_basic, lemuel_coloured_pillars_altar,
          lemuel_temple_firewalk_b, serial_forest, infiniplex_forest_zigzag_1,
          infiniplex_forest_straight_3, infiniplex_forest_clump_curved,
          infiniplex_forest_straight_2, infiniplex_forest_clump_tiny,
          infiniplex_forest_clump_small, infiniplex_forest_clump_double,
          first_ration, serial_shops, shop, uniq_pikel
D:5:      layout_cave_pools, uniq_ijyb, uniq_crazy_yiuf_cottage
D:6:      layout_rooms, tgw_sif, lemuel_doored_altar, gup_sewer_entry_pipe,
          uniq_duvessa, uniq_maggie
D:7:      layout_cave_pods
D:8:      layout_basic, nicolae_ru_awakened_eye, blue_anna_alchemist
          [blue_anna_fruit_fields, blue_anna_fruit_fields],
          nicolae_gozag_seed_capital
D:9:      layout_grid_maze, gammafunk_temple_overflow_claw, dpeg_lair_monsters,
          david_orc_3
Temple:   oiseaux_autumnal_temple
Lair:1:   layout_long_grid, chequers_serial_rivers_small_3
Lair:2:   layout_gridlike, grunt_megastairs_1, lemuel_fruit_fields
Lair:3:   layout_small_grid, swamp_mist_pool,
          minmay_snake_entry_guardpost_small, serial_bayou_shore_b,
          grunt_megastairs_5
Lair:4:   layout_misc_corridors, minmay_holes, kennysheep_rathole
Lair:5:   layout_roguey, slime_dummy, minmay_lair_oklob_chamber,
          lemuel_fruit_fields

Skill      XL: |  1  2  3  4  5  6  7  8  9 10 11 12 |
---------------+-------------------------------------+-----
Throwing       | 2 3 4 5 |  5.7
Maces & Flails | 3 4 6 7 9 11 12 13 | 13.9
Dodging        | 3 4 5 |  5.4
Armour         | 1 2 3 4 5 6 8 9 |  9.6
Fighting       | 3 4 5 6 8 9 |  9.8
Stealth        | 1 2 |  2.5
Evocations     | |  0.3

Action                   |  1- 3 |  4- 6 |  7- 9 | 10-12 | 13-15 || total
-------------------------+-------+-------+-------+-------+-------++-------
Melee: Flail             |   165 |   104 |   120 |  1106 |    87 ||  1582
       Whip              |       |       |   312 |       |       ||   312
       Morningstar       |       |       |   103 |       |       ||   103
Throw: Dart              |    11 |    38 |    81 |    12 |     9 ||   151
       Throwing net      |       |     4 |     1 |       |       ||     5
       Stone             |       |       |    41 |   171 |       ||   212
Invok: Sacrifice Purity  |       |       |       |     1 |       ||     1
       Sacrifice Arcana  |       |       |       |     1 |       ||     1
Evoke: Wand              |       |       |     2 |       |       ||     2
  Use: Scroll            |     6 |       |    13 |     7 |       ||    26
       Potion            |       |     4 |     1 |     3 |       ||     8
 Stab: Distracted        |       |       |       |     2 |       ||     2
       Invisible         |       |       |       |       |     1 ||     1
  Eat: Chunk             |     4 |     5 |    10 |    26 |     3 ||    48
       Ration            |       |       |     4 |     2 |       ||     6
Armor: Leather armour    |    47 |       |       |       |       ||    47
       Ring mail         |    27 |    28 |    26 |       |       ||    81
       Skin              |       |     3 |       |       |       ||     3
       Steam dragon scal |       |       |    17 |       |       ||    17
       Crystal plate arm |       |       |   108 |   887 |    51 ||  1046
Dodge: Dodged            |   168 |    63 |   236 |   714 |    35 ||  1216
